 Dungeon Crawl Stone Soup version 0.25.1-2-g60ff931df9 (webtiles) character file.

Game seed: 1067349282676544596

3762 DearestLeader the Geomancer (level 10, -4/50 HPs)
             Began as a Gargoyle Earth Elementalist on Oct 15, 2020.
             Was a Follower of Vehumet.
             Killed from afar by Maggie (12 damage)
             ... with a bolt of fire
             ... on level 7 of the Dungeon on Oct 16, 2020.
             The game lasted 00:17:44 (8882 turns).

DearestLeader the Geomancer (GrEE)                  Turns: 8882, Time: 00:17:45

Health: -4/50      AC: 12    Str: 12    XL:     10   Next: 15%
Magic:  11/18      EV: 12    Int: 19    God:    Vehumet [*.....]
Gold:   250        SH:  0    Dex: 16    Spells: 9/20 levels left

rFire    . . .     SeeInvis .   A - +1 whip (freeze)
rCold    . . .     Gourm    .   (no shield)
rNeg     + + .     Faith    .   y - +1 robe {rN+}
rPois    ∞         Spirit   .   u - +0 helmet
rElec    +         Reflect  .   (no cloak)
rCorr    .         Harm     .   c - +0 pair of gloves {archery}
MR       .....                  (no boots)
Stlth    ++........             h - amulet of the acrobat
HPRegen  0.16/turn              g - +6 ring of dexterity
MPRegen  0.16/turn              (no ring)

@: mesmerised
A: negative energy resistance 1, electricity resistance, unbreathing,
petrification resistance, rot immunity, AC +7
a: Renounce Religion


You were on level 7 of the Dungeon.
You worshipped Vehumet.
Vehumet was aware of your devotion.
You were not hungry.

You visited 1 branch of the dungeon, and saw 7 of its levels.

You collected 430 gold pieces.
You spent 180 gold pieces at shops.

Inventory:

Hand Weapons
 e - a +1 dagger of protection
 A - a +1 whip of freezing (weapon)
Missiles
 b - 89 stones (quivered)
Armour
 c - a +0 pair of gloves of archery (worn)
 n - a +0 buckler
 u - a +0 helmet (worn)
 y - a +1 robe of positive energy (worn)
Magical Staves
 C - an uncursed staff of fire
Jewellery
 g - a +6 ring of dexterity (left hand)
 h - an amulet of the acrobat (around neck)
 x - an uncursed ring of ice
Wands
 q - a wand of iceblast (8)
 v - a wand of clouds (7)
Scrolls
 i - 3 scrolls of teleportation
 j - 5 scrolls of remove curse
 p - a scroll of immolation
 t - a scroll of fog {unknown}
 B - 4 scrolls of random uselessness
 D - a scroll of enchant armour {unknown}
 E - a scroll of amnesia {unknown}
Potions
 a - 4 potions of heal wounds
 f - 2 potions of stabbing
 k - a potion of berserk rage {unknown}
 l - a potion of curing
 m - a potion of cancellation {unknown}
 o - a potion of might {unknown}
 r - a potion of mutation {unknown}
 s - a potion of invisibility {unknown}
 w - 4 potions of magic {unknown}
 z - a potion of lignification {unknown}
 F - a potion of brilliance {unknown}
Comestibles
 d - 12 rations
 G - 11 chunks of flesh


   Skills:
 - Level 1.5 Dodging
 - Level 2.1 Stealth
 * Level 5.6 Spellcasting
 + Level 4.4 Conjurations
 - Level 0.7 Transmutations
 * Level 14.4 Earth Magic


You had 9 spell levels left.
You knew the following spells:

 Your Spells              Type           Power        Failure   Level  Hunger
a - Sandblast             Erth           ######       1%          1    None
b - Passwall              Tmut/Erth      ####....     1%          2    None
c - Stone Arrow           Conj/Erth      #####.       1%          3    ##.....
d - Lee's Rapid Deconstr  Erth           ######....   1%          5    #####..

Your spell library contained the following spells:

 Spells                   Type           Power        Failure   Level  Hunger
 Foxfire                  Conj/Fire      ##..         4%          1    None
 Petrify                  Tmut/Erth      ####....     5%          4    ####...


Dungeon Overview and Level Annotations

Branches:
Dungeon (7/15)             Temple (0/1) D:5

Altars:
Trog
Vehumet
Wu Jian
Xom
Yredelemnul

Shops:
D:6 [

Annotations:
D:7 2 transporters, Maggie; nyroko's ghost, novice GnCj


Innate Abilities, Weirdness & Mutations

You are resistant to torment.
Your stone body is resilient. (AC +7)
You are immune to poison.
You resist negative energy. (rN+)
You are resistant to electric shocks. (rElec)
You can survive without breathing.
You are immune to petrification.
You are immune to rotting.


Message History

Press: ? - help, Shift-Dir - straight line, f/p - Maggie
Aim: Maggie, wielding a +0 halberd of flaming and wearing +0 steam dragon scales (heavily wounded, mesmerising)
The blast of sand hits Maggie!
Maggie is severely wounded.
b - 90 stones Maggie points at you and mumbles some strange words.
The bolt of fire hits you!!
Ouch! That really hurt!
* * * LOW HITPOINT WARNING * * *
Casting: Sandblast (safe; 1% risk of failure)
Confirm with . or Enter, or press ? or * to list all spells.
Aiming: Sandblast (safe; 1% risk of failure)
Press: ? - help, Shift-Dir - straight line, f/p - Maggie
Aim: Maggie, wielding a +0 halberd of flaming and wearing +0 steam dragon scales (severely wounded, mesmerising)
The blast of sand hits Maggie!
Maggie is almost dead.
b - 89 stones Maggie points at you and mumbles some strange words.
The bolt of fire hits you!
You die...

#.##############
.# #.# .# #.# .#
#.# #.# #.# #.#
#.###############.
#.........@.@.....
##################


You could see Maggie (mesmerising).

Vanquished Creatures
  Harold (D:7)
  Pikel (D:4)
  Sigmund (D:3)
  Edmund (D:5)
  Duvessa (D:7)
  2 water moccasins
  A sky beast (D:7)
  A necrophage (D:7)
  2 ogres
  2 orc warriors (D:5)
  A phantom (D:4)
  A centaur (D:6)
  A big kobold (D:2)
  4 bullfrogs
  Dowan (D:7)
  A water moccasin zombie (D:3)
  A scorpion (D:7)
  An electric eel (D:7)
  2 hounds (D:7)
  2 orc wizards (D:4)
  A centaur skeleton (D:7)
  A bullfrog skeleton (D:5)
  An orc priest (D:3)
  Ijyb (D:3)
  3 iguanas
  5 worker ants
  Robin (D:3)
  13 gnolls
  8 adders
  A shadow imp (D:3)
  An ooze (D:1)
  An adder skeleton (D:6)
  An adder zombie (D:7)
  2 worms (D:2)
  5 leopard geckos
  13 orcs
  A ball python (D:4)
  A giant cockroach (D:2)
  23 goblins
  17 hobgoblins
  13 jackals
  5 quokkas
  7 bats
  4 frilled lizards
  A jackal skeleton (D:6)
  7 kobolds
  6 rats
171 creatures vanquished.

Vanquished Creatures (others)
  5 dream sheep (D:7)
  A slave (D:4)
  A quokka (D:4)
7 creatures vanquished.

Grand Total: 178 creatures vanquished

Notes
Turn   | Place    | Note
-------+----------+-------------------------------------------
     0 | D:1      | DearestLeader the Gargoyle Earth Elementalist began the
                  | quest for the Orb.
     0 | D:1      | Reached XP level 1. HP: 10/10 MP: 3/3
    99 | D:1      | Reached skill level 4 in Earth Magic
   241 | D:1      | Reached XP level 2. HP: 15/15 MP: 3/5
  1249 | D:2      | Reached skill level 5 in Earth Magic
  1249 | D:2      | Reached XP level 3. HP: 17/19 MP: 4/6
  1807 | D:2      | Reached XP level 4. HP: 21/24 MP: 7/7
  2189 | D:2      | Reached skill level 6 in Earth Magic
  2193 | D:2      | Learned a level 2 spell: Passwall
  2197 | D:2      | Learned a level 3 spell: Stone Arrow
  2339 | D:3      | Found a faded altar of an unknown god.
  2413 | D:3      | Reached skill level 1 in Conjurations
  2413 | D:3      | Reached XP level 5. HP: 20/28 MP: 1/8
  2496 | D:3      | Noticed Ijyb
  2518 | D:3      | Killed Ijyb
  2587 | D:3      | Noticed Sigmund
  2595 | D:3      | Found a basalt altar of Yredelemnul.
  2824 | D:3      | Reached skill level 7 in Earth Magic
  3157 | D:3      | Reached XP level 6. HP: 32/32 MP: 4/9
  3207 | D:3      | Noticed Robin
  3276 | D:2      | Reached skill level 8 in Earth Magic
  3536 | D:3      | Killed Robin
  3738 | D:3      | Killed Sigmund
  3738 | D:3      | Reached skill level 9 in Earth Magic
  3738 | D:3      | Reached XP level 7. HP: 23/36 MP: 4/10
  4534 | D:4      | Reached skill level 10 in Earth Magic
  5146 | D:4      | Noticed Pikel
  5156 | D:4      | Killed Pikel
  5156 | D:4      | Reached skill level 12 in Earth Magic
  5156 | D:4      | Reached XP level 8. HP: 33/41 MP: 4/11
  5544 | D:5      | Entered Level 5 of the Dungeon
  5577 | D:5      | Found a radiant altar of Vehumet.
  5586 | D:5      | Became a worshipper of Vehumet
  5671 | D:5      | Found a staircase to the Ecumenical Temple.
  5895 | D:5      | Reached skill level 13 in Earth Magic
  5903 | D:5      | Learned a level 5 spell: Lee's Rapid Deconstruction
  6353 | D:5      | Reached XP level 9. HP: 40/45 MP: 10/12
  7021 | D:6      | Noticed Edmund
  7039 | D:5      | Killed Edmund
  7345 | D:6      | Found an ornate altar of the Wu Jian Council.
  7345 | D:6      | Found a bloodstained altar of Trog.
  7696 | D:6      | Found Wireg's Antique Armour Boutique.
  7768 | D:6      | Bought a pair of embroidered gloves for 180 gold pieces
  8028 | D:7      | Noticed Duvessa
  8243 | D:7      | Noticed Dowan
  8257 | D:7      | Killed Duvessa
  8259 | D:7      | Killed Dowan
  8388 | D:7      | Noticed Harold
  8397 | D:7      | Killed Harold
  8397 | D:7      | Reached skill level 5 in Spellcasting
  8397 | D:7      | Reached skill level 14 in Earth Magic
  8397 | D:7      | Reached XP level 10. HP: 45/50 MP: 2/18
  8502 | D:7      | Reached * piety under Vehumet
  8502 | D:7      | Offered knowledge of Foxfire by Vehumet.
  8787 | D:7      | Found a transporter.
  8787 | D:7      | Noticed nyroko's ghost (novice GnCj)
  8795 | D:7      | Found a transporter.
  8806 | D:7      | Found a shimmering altar of Xom.
  8872 | D:7      | Noticed Maggie
  8882 | D:7      | Killed from afar by Maggie

Illustrated notes

Levels and vault maps discovered:
D:1:      erik_arrival_blinker_ship, layout_basic
D:2:      layout_basic, minmay_3d_cube
D:3:      cheibrodos_greedy_goblins, layout_basic, lemuel_doored_altar,
          chequers_ecumenical_altar_simple_redux, first_ration,
          serial_bayou_crossing, uniq_ijyb, uniq_sigmund, uniq_robin
D:4:      layout_cave_pools, uniq_pikel
D:5:      kennysheep_big_flooded_room, layout_basic, old_standard_altar,
          minmay_temple_entry_overgrown
D:6:      layout_basic, gammafunk_temple_overflow_elements, serial_shops, shop,
          grunt_ministairs_13, uniq_edmund
D:7:      statuecave_lemuel, layout_basic, kb_xom_exploding_sheep,
          gammafunk_ghost_mausoleum, uniq_maggie, uniq_harold, uniq_duvessa

Skill      XL: |  1  2  3  4  5  6  7  8  9 |
---------------+----------------------------+-----
Earth Magic    | 4 5 6 7 9 12 13 14 | 14.4
Conjurations   | 1 4 |  4.4
Spellcasting   | 5 |  5.6
Dodging        | |  1.5
Stealth        | |  2.1
Transmutations | |  0.7

Action                   |  1- 3 |  4- 6 |  7- 9 | 10-12 || total
-------------------------+-------+-------+-------+-------++-------
Melee: Unarmed           |    14 |       |       |       ||    14
       Dagger            |   150 |   216 |       |       ||   366
       Short sword       |       |    19 |   110 |       ||   129
       Whip              |       |       |   182 |    15 ||   197
 Cast: Sandblast         |     8 |    23 |    53 |     8 ||    92
       Stone Arrow       |       |       |    18 |     6 ||    24
       Lee's Rapid Decon |       |       |     1 |       ||     1
  Use: Scroll            |       |     3 |     3 |     1 ||     7
 Stab: Sleeping          |     4 |     3 |     4 |       ||    11
  Eat: Chunk             |     3 |     7 |    17 |     2 ||    29
Armor: Robe              |    89 |   130 |   120 |    18 ||   357
Dodge: Dodged            |   151 |   219 |   233 |    22 ||   625
